 Dungeon Sprint DCSS version 0.29.1-14-g9c671dbff4 (webtiles) character file.

Game seed: 1205039627892833361

1000000 Groucho the Eclecticist (level 13, -12/75 HPs)
             Began as a Djinni Fire Elementalist on Feb 12, 2023.
             Was a Follower of Makhleb.
             Mangled by a meat berserker
             ... wielding a +9 battleaxe
              (87 damage)
             ... in the Dungeon (Sprint VIII: "Arena of Blood").
             The game lasted 00:00:38 (10 turns).

Groucho the Eclecticist (Djinni Fire Elementalist)    Turns: 10, Time: 00:00:38

Health: -12/75     AC:  2    Str:  9    XL:     13   Next: 12%
Gold:   0          EV: 21    Int: 18    God:    Makhleb [*.....] SH:  0 Dex: 16

rFire   + + .      SeeInvis .   g - +∞ Axe of Woe
rCold   x . .      Faith    .   (shield currently unavailable)
rNeg    . . .      Spirit   .   a - +0 robe
rPois   ∞          Reflect  .   (no helmet)
rElec   .          Harm     .   (no cloak)
rCorr   .          Rampage  .   (no gloves)
Will    +....      NoTele   +   (boots unavailable)
Stlth   ++++......              (no amulet)
HPRegen 0.22/turn               (no ring)
MPRegen 0.00/turn               (no ring)

@: flying
A: sickness immunity, fire resistance 2, cold vulnerability 1, float, innate
caster, HP casting, extra vitality 1
a: Renounce Religion


You were in the Dungeon.
You worshipped Makhleb.
Makhleb was aware of your devotion.
You visited 1 branch

Inventory:

Hand Weapons
 g - the +∞ Axe of Woe (weapon)
   (You found it in the Dungeon)
Armour
 a - a +0 robe (worn)
Scrolls
 f - a scroll of blinking
Potions
 b - a potion of curing
 c - a potion of heal wounds
 d - a potion of haste
 e - a potion of berserk rage


   Skills:
 + Level 9.4 Axes
 + Level 16.0 Dodging
 - Level 9.1 Stealth
 - Level 19.7 Spellcasting


You had 20 spell levels left.
You knew the following spells:

 Your Spells              Type           Power      Damage    Failure   Level
a - Foxfire               Conj/Fire      100%       2x1d9     0%          1
b - Scorch                Fire           100%       2d10      0%          2
c - Conjure Flame         Conj/Fire      73%        6-21      0%          3
d - Inner Flame           Hex/Fire       73%        N/A       0%          3
e - Flame Wave            Conj/Fire      73%        2d16      0%          4
f - Summon Small Mammal   Summ           100%       N/A       0%          1
g - Ensorcelled Hibernat  Hex/Ice        100%       N/A       0%          2
h - Passwall              Tmut/Erth      60%        N/A       0%          2
i - Portal Projectile     Hex/Tloc       100%       N/A       0%          3
j - Fireball              Conj/Fire      36%        3d15      1%          5
k - Agony                 Necr           73%        N/A       1%          5
Your spell library was empty.

Dungeon Overview and Level Annotations

Branches:
Dungeon (1/1)

Altars:
Makhleb


Innate Abilities, Weirdness & Mutations

You are immune to sickness and miasma.
You are immune to poison.
Your flesh is very heat resistant. (rF++)
You are vulnerable to cold. (rC-)
You float through the air rather than walking.
You learn spells naturally, not from books.
Your magical power is your life essence.
You have superior vitality. (+4 MHP)


Message History

Increase (S)trength, (I)ntelligence, or (D)exterity?
You feel agile. x2
The power to cast Portal Projectile wells up from within.
Spell assigned to 'i'.
You have reached level 10!
You have reached level 11!
The power to cast Fireball wells up from within.
Spell assigned to 'j'.
You have reached level 12!
You feel clever.
Unknown command.
Unknown command.
Unknown command.
You slash the bag of meat!
You pulverise the bag of meat into a thin bloody mist.
You kill the bag of meat!
Makhleb accepts your kill.
You can now gain health from killing.
The meat berserker appears out of thin air!
A meat berserker comes into view. It is wielding a +9 battleaxe.
You hear a shout! x10; The meat berserker shouts!
You hear a shout! x2
Your Axes skill gained 5 levels and is now at level 9!
Your Dodging skill gained 4 levels and is now at level 16!
You have reached level 13!
The power to cast Agony wells up from within.
Spell assigned to 'k'.
Unknown command.
You hear a shout! x9
The meat berserker rages.
You hear a shout! x9
Unknown command.
Unknown command.
You hear a shout! x2
A bag of meat comes into view. It is wielding a +9 war axe.
You hear a shout! x4
A meat berserker comes into view. It is wielding a +9 battleaxe.
You hear a shout! x2
A bag of meat comes into view. It is wielding a +9 war axe.
The meat berserker hits you with a +9 battleaxe!!!!
Ouch! That really hurt!
You die...

.. ..... #.
...# #.. ...# O
.###.. ...###.o
......###......
......_.....
#..)..# #_.O@_#
#.O)..#
o...o._.....
......###......
.###.. ...###..
#.. ...# . #.
...# .. .....


You could see 3 meat berserkers and 3 bags of meat.

Vanquished Creatures
  An ogre (D)
  An orc (D)
2 creatures vanquished.

Notes
Turn   | Place    | Note
-------+----------+-------------------------------------------
     0 | D        | Found the +∞ Axe of Woe
     0 | D        | Groucho the Djinni Fire Elementalist began the quest for
                  | the Orb.
     0 | D        | Groucho set off with the following spells memorised:
                  | Foxfire, Scorch, Conjure Flame, Inner Flame, Flame Wave.
     0 | D        | Reached XP level 1. HP: 15/15 MP: 0/0
     2 | D        | Noticed a bag of meat
     4 | D        | Became a worshipper of Makhleb the Destroyer
     4 | D        | Noticed a meat berserker
     6 | D        | Noticed a bag of meat
     7 | D        | Killed a meat berserker
     7 | D        | Noticed a meat berserker
     8 | D        | Reached skill level 19 in Spellcasting
     8 | D        | Reached XP level 2. HP: 21/21 MP: 0/0
     8 | D        | Reached XP level 3. HP: 25/25 MP: 0/0
     8 | D        | Learned a level 1 spell: Summon Small Mammal
     8 | D        | Reached XP level 4. HP: 31/31 MP: 0/0
     8 | D        | Reached XP level 5. HP: 35/35 MP: 0/0
     8 | D        | Learned a level 2 spell: Ensorcelled Hibernation
     8 | D        | Reached XP level 6. HP: 40/40 MP: 0/0
     8 | D        | Reached XP level 7. HP: 45/45 MP: 0/0
     8 | D        | Learned a level 2 spell: Passwall
     8 | D        | Reached XP level 8. HP: 50/50 MP: 0/0
     8 | D        | Reached XP level 9. HP: 55/55 MP: 0/0
     8 | D        | Learned a level 3 spell: Portal Projectile
     8 | D        | Reached XP level 10. HP: 60/60 MP: 0/0
     8 | D        | Reached XP level 11. HP: 65/65 MP: 0/0
     8 | D        | Learned a level 5 spell: Fireball
     8 | D        | Reached XP level 12. HP: 70/70 MP: 0/0
     8 | D        | Killed a bag of meat
     8 | D        | Reached * piety under Makhleb
     8 | D        | Noticed a meat berserker
     9 | D        | Reached XP level 13. HP: 75/75 MP: 0/0
     9 | D        | Learned a level 5 spell: Agony
    10 | D        | Noticed a bag of meat
    10 | D        | Noticed a meat berserker
    10 | D        | Noticed a bag of meat
    10 | D        | Mangled by a meat berserker

Illustrated notes

Levels and vault maps discovered:
D:        meatsprint

Skill      XL: |  1  2  3  4  5  6  7  8  9 10 11 12 |
---------------+-------------------------------------+-----
Axes           | 4 9 |  9.4
Dodging        | 12 16 | 16.0
Stealth        | 9 |  9.1
Spellcasting   | 19 | 19.7

Action                   |  1- 3 |  4- 6 |  7- 9 | 10-12 | 13-15 || total
-------------------------+-------+-------+-------+-------+-------++-------
Melee: Executioner's axe |     1 |       |       |     1 |       ||     2
